[Event "Late-Titled-Tuesday-Blitz-January-16-2024"]
[Site "Chess.com"]
[Date "2024.01.16"]
[Round "6"]
[White "Balla_Tamas"]
[Black "MasterofMasters2006"]
[Result "1-0"]
[WhiteElo "2449"]
[BlackElo "2248"]
[TimeControl "180+1"]
[EndTime "15:04:14 PST"]
[Termination "Balla_Tamas won by resignation"]

1. e4 e5 2. Nf3 Nc6 3. d4 exd4 4. Nxd4 Nf6 5. Nxc6 bxc6 6. e5 Qe7 7. Qe2 Nd5 8. h4 a5 9. c4 Ba6 10. Nd2 Nb4 11.
Nf3 d5 12. a3 Bxc4 13. Qd1 Bxf1 14. Kxf1 Na6 15. Bg5 Qe6 16. Nd4 Qg6 17. Rc1 Bc5 18.
Qa4 Bxd4 19. Qxd4 O-O 20. Be3 Rfd8 21. h5 Qe6 22. h6 c5 23. Qf4 d4 24. Bd2 g6 25. Bxa5 Re8 26. Re1 Rad8 27. Rh3 c4 28.
Rd1 Qxe5 29. Qxe5 Rxe5 30. Rh4 Rxa5 31. Rhxd4 Rxd4 32. Rxd4 Kf8 33. Rxc4 Nc5 34. b4 Rxa3 35. Rxc5 Ra1+ 36. Ke2 Rh1 37. Rxc7 Rxh6 38. b5 Rh5 39. b6 Rb5 40. b7 Kg7 41. Kd3 h5 42. Kc4 Rb1 43. Kc5 Kf6 44. Kc6 Rc1+ 45. Kd7 Rb1 46. Kc8 Rxb7 47. Kxb7 1-0

[Event "Late-Titled-Tuesday-Blitz-January-16-2024"]
[Site "Chess.com"]
[Date "2024.01.16"]
[Round "6"]
[White "ninguno46"]
[Black "DarkAlekhine"]
[Result "1-0"]
[WhiteElo "2569"]
[BlackElo "2713"]
[TimeControl "180+1"]
[EndTime "15:04:15 PST"]
[Termination "ninguno46 won on time"]

1. d4 Nf6 2. c4 g6 3. Nc3 Bg7 4. Bg5 O-O 5. e3 c5 6. d5 h6 7. Bh4 Qb6 8. Rb1 d6 9. Bd3 e5 10. dxe6 Bxe6 11. Nge2 Nc6 12. O-O Ne5 13. b3 g5 14. Bg3 Rad8 15. Bc2 Nh5 16. f4 Ng4 17.
Qd3 f5 18. fxg5 hxg5 19. Nd5 Ne5 20. Bxe5 dxe5 21. Nxb6 Rxd3 22. Bxd3 axb6 23. g4 e4 24. Bc2 Nf6 25. gxf5 Bd7 26. Rbd1 Bc6 27. h3 b5 28. Rd2 Ra8 29. Bb1 bxc4 30. bxc4 Ra3 31. Kf2 Kf7 32. Nc1 g4 33. Nb3 gxh3 34. Kg3 Ra8 35. Kxh3 Rh8+ 36. Kg3 Nd7 37. f6 Bxf6 38. Bxe4 Bxe4 39. Rxd7+ Ke8 40.
Rxf6 1-0

[Event "Late-Titled-Tuesday-Blitz-January-16-2024"]
[Site "Chess.com"]
[Date "2024.01.16"]
[Round "6"]
[White "AradNazari"]
[Black "Piotrek1979"]
[Result "0-1"]
[WhiteElo "2619"]
[BlackElo "2432"]
[TimeControl "180+1"]
[EndTime "15:04:15 PST"]
[Termination "Piotrek1979 won by checkmate"]

1. g4 e5 2. e4 Nf6 3. Nc3 d5 4. Nxd5 Nxe4 5. Ne3 Nc6 6. Bg2 Nc5 7. d3 Be6 8. Nf3 Be7 9. Bd2 a5 10. Qe2 O-O 11. h3 Re8 12. O-O Nd4 13. Qd1 Bf6 14. Re1 h5 15. Nxd4 exd4 16. Nf5 Qd7 17. Qf3 hxg4 18.
hxg4 Bxf5 19. Qxf5 Qxf5 20. gxf5 c6 21. b3 a4 22. Bb4 Na6 23. Bd6 Rad8 24. Rxe8+ Rxe8 25. bxa4 Re2 26. Rb1 Rxc2 27. Rxb7 Nc5 28. Rb8+ Kh7 29. Bxc5 Rxc5 30. Rc8 Rc1+ 31. Kh2 Rc2 32. Bxc6 Rxf2+ 33. Kg3 Rxa2 34. Ra8 Kh6 35. Kg4 g6 36. a5 Ra3 37. a6 Rxd3 38. fxg6 fxg6 39. Rf8 Be5 40. a7 Rg3+ 41. Kh4 g5# 0-1

[Event "Late-Titled-Tuesday-Blitz-January-16-2024"]
[Site "Chess.com"]
[Date "2024.01.16"]
[Round "6"]
[White "bescmelasti"]
[Black "frederiksvane"]
[Result "1-0"]
[WhiteElo "2689"]
[BlackElo "2890"]
[TimeControl "180+1"]
[EndTime "15:04:19 PST"]
[Termination "bescmelasti won on time"]

1. e4 c5 2. Nf3 e6 3. d4 cxd4 4. Nxd4 Nc6 5. Nc3 Qc7 6. Ncb5 Qb8 7. Bd3 Nf6 8. O-O Be7 9. Re1 O-O 10. c4 d6 11. Nxc6 bxc6 12. Nc3 e5 13. Qc2 Be6 14. h3 Nd7 15. Be3 h6 16. Qd2 Qc7 17. b4 Rab8 18. a3 Rfd8 19. Rac1 Qb7 20. Bf1 Nf8 21. b5 cxb5 22. cxb5 d5 23. exd5 Bxa3 24.
Ra1 Bb4 25. Qb2 Bxc3 26. Qxc3 Qxd5 27. Bxa7 Rb7 28. Qxe5 Qxe5 29. Rxe5 Ra8 30. Bd4 Rxa1 31. Bxa1 Nd7 32. Re1 Nb6 33. Bd4 Kf8 34. g4 Nd7 35. f4 g6 36. Kf2 h5 37. Kg3 hxg4 38. hxg4 Nb6 39. Rc1 Ke7 40. g5 Nd5 41. Be5 Ra7 42.
Rd1 Ra3+ 43. Rd3 Rxd3+ 44. Bxd3 Kd7 45. Kf3 Nb4 46. Bf1 Nd5 47. Ke4 Nb4 48. Kd4 Nd5 49.
Kc5 Ne3 50. Be2 Kc8 51. b6 Ng4 52. Bd6 1-0

[Event "Late-Titled-Tuesday-Blitz-January-16-2024"]
[Site "Chess.com"]
[Date "2024.01.16"]
[Round "6"]
[White "Jagerrmeisterr"]
[Black "WPWPWP-2015"]
[Result "1-0"]
[WhiteElo "2712"]
[BlackElo "2539"]
[TimeControl "180+1"]
[EndTime "15:04:19 PST"]
[Termination "Jagerrmeisterr won by checkmate"]

1. e4 e5 2. Nf3 Nc6 3. c3 d6 4. d4 Nge7 5. d5 Nb8 6. c4 Ng6 7. Nc3 Be7 8. Be3 Nd7 9. a3 Nf6 10. h3 a6 11. b4 O-O 12. g3 Ne8 13. h4 f5 14. h5 Nh8 15. exf5 Bxf5 16. Nh4 Bxh4 17.
Rxh4 Nf7 18. Qd2 Nf6 19. Be2 Qd7 20. f3 h6 21. g4 Bh7 22. g5 hxg5 23. Bxg5 Nxg5 24.
Qxg5 Qf5 25. Qxf5 Bxf5 26. Kd2 Kf7 27. Rg1 Rh8 28. f4 e4 29. Nd1 Rh6 30. Ne3 Bd7 31. f5 Rh7 32. c5 Rah8 33. Rg5 Kf8 34. Ng2 Nxd5 35. Rxe4 dxc5 36. Re5 Bc6 37. Nh4 Ne7 38. Ng6+ Kf7 39. Rxe7+ Kf6 40. Rg1 Rd8+ 41. Kc1 cxb4 42. Re6+ Kxf5 43. Bg4+ Kg5 44. Bd1+ Kf5 45. Re5+ Kf6 46.
Rf1+ Bf3 47. Rxf3# 1-0

[Event "Late-Titled-Tuesday-Blitz-January-16-2024"]
[Site "Chess.com"]
[Date "2024.01.16"]
[Round "6"]
[White "chika-lily"]
[Black "TimGrutter03"]
[Result "1-0"]
[WhiteElo "2762"]
[BlackElo "2556"]
[TimeControl "180+1"]
[EndTime "15:04:20 PST"]
[Termination "chika-lily won on time"]

1. d4 Nf6 2. Nf3 g6 3. Bf4 Bg7 4. e3 O-O 5. Be2 c5 6. O-O cxd4 7. exd4 d6 8. h3 Nc6 9. c4 Bf5 10. Nc3 Ne4 11. Nxe4 Bxe4 12. Be3 Rc8 13. Rc1 Qa5 14. a3 e5 15. dxe5 dxe5 16. Ng5 Bf5 17. Bg4 Bxg4 18. hxg4 h6 19. Ne4 Rcd8 20. Qf3 f5 21. gxf5 gxf5 22.
Nc5 f4 23. Nxb7 fxe3 24. Nxa5 exf2+ 25. Rxf2 Rxf3 26. Nxc6 Rxf2 27. Kxf2 Rd2+ 28. Kf3 Rxb2 29.
Nxa7 Rb3+ 30. Ke4 Rxa3 31. Nb5 Rb3 32. Nd6 Bf8 33. Nf5 Rb2 34. g3 Re2+ 35. Kd5 e4 36. c5 e3 37. Ke4 Ra2 38. Nxe3 Ra7 39. c6 Rc7 40. Nd5 Rc8 41. Ke5 Kf7 42. c7 Ba3 43.
Rc2 Bf8 44. Nb6 Bg7+ 45. Kd5 Rxc7 46. Rxc7+ Kg6 47. Ke4 Bf6 48. Nd5 Bh8 49. Rc8 Ba1 50.
Rc6+ Kg5 51. Kf3 h5 52. Ra6 Be5 53. Ne3 Bc7 54. Rc6 1-0

[Event "Late-Titled-Tuesday-Blitz-January-16-2024"]
[Site "Chess.com"]
[Date "2024.01.16"]
[Round "6"]
[White "guillembaches"]
[Black "KNVB"]
[Result "0-1"]
[WhiteElo "2535"]
[BlackElo "2699"]
[TimeControl "180+1"]
[EndTime "15:04:20 PST"]
[Termination "KNVB won on time"]

1. d4 e5 2. e3 Nc6 3. Nf3 d6 4. Be2 g6 5. c4 Bg7 6. Nc3 Nf6 7. b3 exd4 8. Nxd4 Nxd4 9. Qxd4 O-O 10. Bb2 Re8 11.
Qd2 Bf5 12. O-O Ne4 13. Nxe4 Bxe4 14. Bxg7 Kxg7 15. f3 Bc6 16. e4 Qf6 17. Rad1 a5 18. a3 Qe5 19. Rfe1 Qc5+ 20. Qd4+ Qxd4+ 21. Rxd4 Re5 22. Kf2 Rae8 23. b4 b6 24. Rdd1 g5 25. Bd3 h5 26. h3 h4 27. Bc2 Bd7 28. Bd3 f5 29.
exf5 Rxe1 30. Rxe1 Rxe1 31. Kxe1 axb4 32. axb4 Kf6 33.
Kd2 Bxf5 34. Be2 c5 35. bxc5 bxc5 36. Ke3 Ke5 37. Bf1 Be6 38. Be2 Bf7 39. Bf1 Be8 40. Be2 Bd7 41. Bf1 Bc6 42. Be2 Bb7 43. Bf1 Ba6 44. Be2 d5 0-1

[Event "Late-Titled-Tuesday-Blitz-January-16-2024"]
[Site "Chess.com"]
[Date "2024.01.16"]
[Round "6"]
[White "GulamaliRises"]
[Black "GrotBchess"]
[Result "1-0"]
[WhiteElo "2622"]
[BlackElo "2331"]
[TimeControl "180+1"]
[EndTime "15:04:20 PST"]
[Termination "GulamaliRises won by resignation"]

1. e4 c5 2. d4 cxd4 3. Nf3 e6 4. Nxd4 Nc6 5. Nc3 Qc7 6. Ndb5 Qb8 7. f4 a6 8. Nd4 d6 9. Nxc6 bxc6 10. Bd3 Nf6 11. O-O d5 12. e5 Nd7 13. Na4 Nc5 14. Nxc5 Bxc5+ 15. Kh1 Qc7 16. Qg4 g6 17. Qh4 Be7 18. Qf2 c5 19. c4 d4 20. b4 Bb7 21. Bb2 Rd8 22. b5 axb5 23. cxb5 c4 24. Bxd4 cxd3 25. Bb6 Qc4 26. Bxd8 Bxd8 27. a4 O-O 28. Rfc1 Qd5 29. Rc5 Qe4 30. a5 Bh4 31. Qd2 Qd4 32. Rc3 Be4 33. b6 Bf2 34. Raa3 Be3 35. Qd1 Bxf4 36. Rcb3 Bxg2+ 37. Kxg2 Qe4+ 38. Kf2 Be3+ 39. Kg3 Qf4+ 40. Kg2 Qf2+ 41. Kh1 d2 42. Rxe3 Rd8 43. b7 h5 44. a6 h4 45. h3 Qf4 46. a7 Qd4 47. b8=Q Qd5+ 48. Kg1 Qd4 49. a8=Q 1-0

[Event "Late-Titled-Tuesday-Blitz-January-16-2024"]
[Site "Chess.com"]
[Date "2024.01.16"]
[Round "6"]
[White "RaugintaBulba"]
[Black "Trovita84"]
[Result "1-0"]
[WhiteElo "2443"]
[BlackElo "2125"]
[TimeControl "180+1"]
[EndTime "15:04:21 PST"]
[Termination "RaugintaBulba won on time"]

1. d4 Nf6 2. Nc3 d5 3. Bf4 c6 4. e3 Bf5 5. f3 e6 6. g4 Bg6 7. h4 h5 8. g5 Ng8 9. Kf2 Bd6 10. Nh3 Ne7 11. Bd3 Qc7 12. Bxd6 Qxd6 13. Nf4 Bxd3 14. Qxd3 g6 15. Nce2 Nd7 16. Qb3 O-O 17. c4 dxc4 18. Qxc4 Nd5 19. Qd3 Rfe8 20. Rad1 Rad8 21. Nxg6 e5 22. Nxe5 Nxe5 23. dxe5 Qxe5 24. g6 Qxe3+ 25.
Qxe3 Rxe3 26. gxf7+ Kxf7 27. Ng3 Ree8 28. Nxh5 Kg6 29.
Ng3 Nf4 30. Rxd8 Rxd8 31. h5+ Kg5 32. Ne4+ Kf5 33. h6 Rh8 34. Nd6+ Ke6 35. Nxb7 Rb8 36. h7 Ng6 37. Nc5+ Kd5 38. Nb3 c5 39. Rh5+ Kd6 40.
Rxc5 Rxb3 41. axb3 Kxc5 42. Kg3 Kd5 43. f4 Ke6 44. Kf3 Kf5 45. Ke3 Nh8 46. Kd4 Kxf4 47. Kc5 Ke5 48. b4 1-0

[Event "Late-Titled-Tuesday-Blitz-January-16-2024"]
[Site "Chess.com"]
[Date "2024.01.16"]
[Round "6"]
[White "dorpato"]
[Black "Walter_White_Poland"]
[Result "0-1"]
[WhiteElo "2135"]
[BlackElo "2339"]
[TimeControl "180+1"]
[EndTime "15:04:21 PST"]
[Termination "Walter_White_Poland won by checkmate"]

1. e4 e5 2. d4 exd4 3. Nf3 Nc6 4. c3 d5 5. exd5 Qxd5 6. cxd4 Bg4 7. Be2 Bxf3 8. Bxf3 Bb4+ 9. Nc3 Qc4 10. Qb3 Qxb3 11. axb3 Nxd4 12. Bxb7 Nc2+ 13. Kd1 Nxa1 14. Bxa8 Nxb3 15.
Re1+ Ne7 16. Bc6+ Kd8 17. Bf3 Nxc1 18. Kxc1 Bxc3 19. bxc3 c6 20. Kc2 Kd7 21. Ra1 Ra8 22. Ra6 Kc7 23. Kb3 Kb7 24. Ra4 a5 25. Rh4 h6 26.
Rg4 g6 27. Rf4 f5 28. g4 Kb6 29. gxf5 Nxf5 30. Be4 Rf8 31. Rg4 g5 32. Rg1 Nd6 33.
f3 Nxe4 34. fxe4 Ra8 35. Ka4 Kc5 36. Rd1 Re8 37. Rd4 Ra8 38. Rd7 Re8 39. Rd4 h5 40. h3 Rg8 41. Kb3 g4 42. Rc4+ Kb5 43. hxg4 hxg4 44. e5 g3 45. e6 g2 46. e7 g1=Q 47.
Re4 Re8 48. Re5+ c5 49. c4+ Kc6 50. Re6+ Kd7 51. Ra6 Rxe7 52. Rxa5 Kd6 53. Ra6+ Ke5 54. Rc6 Qb1+ 55. Ka4 Ra7+ 56. Ra6 Rxa6# 0-1

[Event "Late-Titled-Tuesday-Blitz-January-16-2024"]
[Site "Chess.com"]
[Date "2024.01.16"]
[Round "6"]
[White "kai_nov"]
[Black "Arteler"]
[Result "1-0"]
[WhiteElo "2276"]
[BlackElo "2468"]
[TimeControl "180+1"]
[EndTime "15:04:22 PST"]
[Termination "kai_nov won by resignation"]

1. d4 d5 2. c4 c6 3. Nf3 Nf6 4. e3 a6 5. b3 Bf5 6. Nbd2 e6 7. Be2 Nbd7 8. Nh4 Be4 9. O-O Be7 10. Bb2 O-O 11. Nxe4 Nxe4 12. Nf3 b5 13. Rc1 Qa5 14. Qc2 bxc4 15. bxc4 Rab8 16. Ba1 h6 17. Rb1 Bd6 18. Bd3 Ndf6 19. h3 Rfc8 20. c5 Bf8 21. Ne5 Qc7 22. Bxa6 Rxb1 23. Rxb1 Re8 24. Rb7 Qa5 25. Bf1 Ra8 26.
Nxc6 Qxa2 27. Qxa2 Rxa2 28. Bb2 Nd2 29. Ne5 Nc4 30.
Nxc4 dxc4 31. Bxc4 Ra8 32. f3 g5 33. e4 Nh5 34. c6 Bd6 35. Kf2 Nf4 36. Bb5 Ra2 37.
Be2 Ba3 38. c7 Bxb2 39. c8=Q+ Kg7 40. Rxb2 Rxb2 41. Qc4 h5 42. g3 Nxe2 43. Qxe2 Rxe2+ 44. Kxe2 Kg6 45. g4 hxg4 46. hxg4 Kf6 47. Ke3 Ke7 48. Kd3 Kd6 49. Kc4 Kc6 50. e5 Kb6 51. d5 exd5+ 52. Kxd5 Kc7 53. e6 fxe6+ 54. Kxe6 1-0

[Event "Late-Titled-Tuesday-Blitz-January-16-2024"]
[Site "Chess.com"]
[Date "2024.01.16"]
[Round "6"]
[White "aghasiyevkamal"]
[Black "JCVanDamme10"]
[Result "1/2-1/2"]
[WhiteElo "2618"]
[BlackElo "2354"]
[TimeControl "180+1"]
[EndTime "15:04:25 PST"]
[Termination "Game drawn by repetition"]

1. e4 c5 2. Nf3 e6 3. d4 cxd4 4.
Nxd4 a6 5. Nc3 Qc7 6. f4 Bb4 7. Nf3 Nf6 8. Bd3 d5 9. e5 Ne4 10. O-O Qc5+ 11. Kh1 Nf2+ 12. Rxf2 Qxf2 13. Ne2 Nc6 14. c3 Be7 15. Bd2 h5 16. Qc2 h4 17. h3 Qa7 18. f5 b5 19. Rf1 Bd7 20. a4 bxa4 21. fxe6 fxe6 22. Bg6+ Kd8 23. Ned4 Rc8 24.
Be3 Qb7 25. Bf7 Nxd4 26. Nxd4 Rf8 27. Rf3 g5 28. Nxe6+ Bxe6 29. Bxe6 Rxf3 30. gxf3 Rc4 31. Bd4 Qb3 32. Qe2 a3 33. bxa3 Qb1+ 34. Kg2 Rxd4 35. cxd4 Bxa3 36. Bxd5 Qb2 37. Bc4 Qxe2+ 38. Bxe2 Bb2 39. Bxa6 Bxd4 40. e6 Ke7 41. Bc4 Kf6 42. Kf1 Be5 43. Ke2 Bf4 44. Kd3 Ke7 45. Ke4 Bc1 46. Kf5 Bf4 47. Kg6 Bc1 48. Kf5 Bf4 49. Bd5 Bc1 50. Ke4 Bf4 51. Kf5 Bc1 52. Kg4 Bf4 53.
Kf5 1/2-1/2

[Event "Late-Titled-Tuesday-Blitz-January-16-2024"]
[Site "Chess.com"]
[Date "2024.01.16"]
[Round "6"]
[White "djano"]
[Black "Cambek64"]
[Result "0-1"]
[WhiteElo "2627"]
[BlackElo "2466"]
[TimeControl "180+1"]
[EndTime "15:04:27 PST"]
[Termination "Cambek64 won by checkmate"]

1. e4 e6 2. d4 d5 3. Bd3 c6 4.
Ne2 Nf6 5. e5 Nfd7 6. O-O b6 7.
Nf4 Ba6 8. Qg4 Bxd3 9. Nxd3 c5 10. c3 Nc6 11. Be3 h5 12. Qg3 cxd4 13. cxd4 Ne7 14.
Nc3 Nf5 15. Qh3 g6 16. Rac1 a6 17. Kh1 Rc8 18. Ne2 Bg7 19. Rc3 O-O 20. Ng3 Nxg3+ 21.
Qxg3 Rxc3 22. bxc3 Qc7 23. Rc1 Rc8 24. Bg5 Qc4 25.
Rc2 b5 26. h3 a5 27. Kh2 b4 28. Bd2 b3 29. axb3 Qxb3 30. Rb2 Qc4 31. Rb7 Nf8 32. Qf3 Rc7 33. Rb8 Ra7 34. Nc5 a4 35. Rb4 Bxe5+ 36. g3 Qa2 37. Bh6 Bg7 38. Bxg7 Kxg7 39. Qe3 a3 40. Rb8 Qc2 41. Qe5+ Kg8 42. Qf4 Qf5 43. Qd2 a2 44. Nb3 a1=Q 45. Nxa1 Rxa1 46. Re8 Qb1 47. g4 Qg1# 0-1

[Event "Late-Titled-Tuesday-Blitz-January-16-2024"]
[Site "Chess.com"]
[Date "2024.01.16"]
[Round "6"]
[White "Statham_01"]
[Black "GMCorinnaKopff"]
[Result "1/2-1/2"]
[WhiteElo "2537"]
[BlackElo "2340"]
[TimeControl "180+1"]
[EndTime "15:04:29 PST"]
[Termination "Game drawn by repetition"]

1. e4 c5 2. Nf3 Nc6 3. d4 cxd4 4. Nxd4 Nf6 5. Nc3 e5 6. Ndb5 d6 7. Bg5 a6 8. Na3 b5 9. Nd5 Be7 10.
Bxf6 Bxf6 11. c4 Nd4 12. Bd3 Bb7 13. O-O Bxd5 14. exd5 O-O 15. cxb5 g6 16. bxa6 Bg7 17. Nc2 Qb6 18. Rb1 f5 19. Nxd4 Qxd4 20. Be2 Qf4 21. b4 e4 22. b5 e3 23. fxe3 Qxe3+ 24. Kh1 Rfe8 25. b6 Be5 26. b7 Rab8 27. Qd3 Qh6 28.
Qh3 Qg7 29. Bb5 Red8 30. Bc6 Bd4 31. a4 Qc7 32. Qh4 Bc5 33. Rfe1 Kf8 34. Re6 Rd7 35. Qf6+ Kg8 36. Rbe1 Rf8 37. Re8 Rf7 38. Rxf8+ Rxf8 39. Qxf8+ Kxf8 40. Re8+ Kf7 41. b8=Q Qa5 42. Rf8+ Kg7 43. Rg8+ Kh6 44. Qb1 Qd2 45. Qf1 f4 46. h3 Qe3 47.
Re8 Qg3 48. Qf3 Qg5 49. Qg4 Qf6 50. Kh2 Bf2 51. h4 Bg3+ 52. Kh3 Qc3 53. Qg5+ Kg7 54. Re7+ Kf8 55. Re8+ Kg7 56. Qe7+ Kh6 57. Qg5+ Kg7 1/2-1/2

[Event "Late-Titled-Tuesday-Blitz-January-16-2024"]
[Site "Chess.com"]
[Date "2024.01.16"]
[Round "6"]
[White "AkatsukiLogHorizon"]
[Black "nfds"]
[Result "0-1"]
[WhiteElo "2266"]
[BlackElo "2481"]
[TimeControl "180+1"]
[EndTime "15:04:29 PST"]
[Termination "nfds won on time"]

1. e4 e6 2. d4 Nf6 3. e5 Nd5 4. c4 Nb6 5. Nc3 d6 6. Nf3 Nc6 7. exd6 cxd6 8. Be2 Be7 9. O-O O-O 10. b3 Bf6 11.
Bb2 Re8 12. Ne4 d5 13. Nxf6+ Qxf6 14. c5 Nd7 15. Qd2 a5 16. Bb5 Qd8 17. Rfe1 Nf6 18. Ne5 Bd7 19. Bxc6 Bxc6 20. f3 Nd7 21. Bc1 Nxe5 22.
Rxe5 b6 23. cxb6 Qxb6 24. Bb2 a4 25. bxa4 Reb8 26. Bc3 Rxa4 27. a3 Qb3 28. Ree1 Rxa3 29. Rxa3 Qxa3 30. Ra1 Qb3 31. Rc1 Bb5 32. Bb4 Bc4 33. Bc3 Ra8 34. Qe1 h5 35. Rb1 Qc2 36. Rb2 Qd3 37. Rb1 Ra2 38. Rd1 Qc2 39. Bd2 Bb3 40. Rb1 Ba4 41. Rb8+ Kh7 42. Qh4 Ra1+ 43.
Kf2 Qxd2+ 44. Kg3 Qh6 45. Rb7 Ra2 46. Kh3 Bc6 47. Rxf7 Qg6 0-1

[Event "Late-Titled-Tuesday-Blitz-January-16-2024"]
[Site "Chess.com"]
[Date "2024.01.16"]
[Round "6"]
[White "SmirnovTimofey2000"]
[Black "miraitrunks"]
[Result "0-1"]
[WhiteElo "1969"]
[BlackElo "2084"]
[TimeControl "180+1"]
[EndTime "15:04:30 PST"]
[Termination "miraitrunks won on time"]

1. e4 c5 2. c3 Nf6 3. e5 Nd5 4.
d4 cxd4 5. Nf3 e6 6. cxd4 d6 7. Nc3 Nc6 8. Bc4 Nxc3 9. bxc3 dxe5 10. d5 exd5 11. Bxd5 Bg4 12. Bxc6+ bxc6 13. Qxd8+ Rxd8 14. O-O Bxf3 15. gxf3 Bc5 16. Re1 f6 17. f4 O-O 18.
fxe5 fxe5 19. Be3 Ba3 20. Bxa7 Bb2 21. Rab1 Bxc3 22. Rec1 Rd3 23. Rb3 Bd4 24. Rxd3 Bxa7 25. Rc2 Bd4 26. Rdd2 c5 27. a4 Kf7 28. a5 Ke6 29. a6 Kd5 30. Kf1 c4 31. Ra2 Ra8 32. Rd1 c3 33. Rc1 Kc4 34. Ke2 Rf8 35. Ke1 Ra8 36.
f3 Kb3 37. Rcc2 Ra7 38. Ke2 g5 39. h3 h5 40. Kd3 Rd7 41. Ke4 Rf7 42. a7 Rxa7 43.
Rxa7 Bxa7 44. Kxe5 Kxc2 0-1

[Event "Late-Titled-Tuesday-Blitz-January-16-2024"]
[Site "Chess.com"]
[Date "2024.01.16"]
[Round "6"]
[White "JG-17"]
[Black "angelgab3"]
[Result "0-1"]
[WhiteElo "2469"]
[BlackElo "2616"]
[TimeControl "180+1"]
[EndTime "15:04:31 PST"]
[Termination "angelgab3 won by checkmate"]

1. d4 Nf6 2. c4 e6 3. Nc3 d5 4.
Nf3 dxc4 5. e3 a6 6. Bxc4 b5 7. Bd3 Bb7 8. O-O Be7 9. Qc2 O-O 10. Ne4 Nbd7 11. a3 Nxe4 12. Bxe4 Bxe4 13. Qxe4 c5 14. Rd1 Nf6 15. Qb7 Qd6 16. Ne5 Rab8 17. Qf3 cxd4 18.
Nc6 Rbc8 19. Nxd4 Rfd8 20. Bd2 Qb6 21. Rac1 Bc5 22. Nb3 Be7 23. Ba5 Rxd1+ 24. Rxd1 Qc6 25. Qe2 h5 26. Rc1 Qd7 27. Rd1 Qb7 28. h3 Rc4 29. Bd8 Bxd8 30. Rxd8+ Kh7 31. Rd4 Qc7 32. Rxc4 bxc4 33.
Nd4 g6 34. g3 c3 35. bxc3 Qxc3 36. Qxa6 Ne4 37. Qe2 Qxa3 38. Kg2 Kg7 39. Qf3 Nd2 40.
Qe2 Qa8+ 41. Kg1 Ne4 42. Qf3 Qa1+ 43. Kg2 Nd2 44. Qe2 Ne4 45. Qf3 Nf6 46. Ne2 e5 47. Qc6 Qb2 48. Nc3 Qc2 49. Qc5 Qf5 50. Qc4 g5 51.
Ne2 g4 52. h4 Qf3+ 53. Kf1 Ne4 54. Ng1 Qxf2# 0-1

[Event "Late-Titled-Tuesday-Blitz-January-16-2024"]
[Site "Chess.com"]
[Date "2024.01.16"]
[Round "6"]
[White "enriquetejedor"]
[Black "Zkid"]
[Result "1-0"]
[WhiteElo "2765"]
[BlackElo "2916"]
[TimeControl "180+1"]
[EndTime "15:04:32 PST"]
[Termination "enriquetejedor won by resignation"]

1. e3 d5 2. Nf3 Nf6 3. b3 c6 4.
Bb2 Bg4 5. Be2 Nbd7 6. O-O h6 7. d4 e6 8. c4 Bd6 9. Ne5 Bxe2 10.
Qxe2 Qc7 11. Nf3 Ne4 12. Nc3 f5 13. Rac1 Qd8 14. cxd5 exd5 15. Nxe4 fxe4 16. Ne5 O-O 17. f4 exf3 18. gxf3 Qe8 19. Nd3 Qg6+ 20. Kh1 Rae8 21. Rce1 Qh5 22. f4 Qxe2 23. Rxe2 Nf6 24. Ne5 Ne4 25. Rg2 Kh7 26. h4 Rf5 27. Rfg1 Re7 28.
Ng6 Ref7 29. Kh2 Ng5 30. hxg5 Kxg6 31. gxh6+ Kxh6 32. Rg6+ Kh7 33. Rxd6 Rh5+ 34. Kg2 g5 35. Rf1 gxf4 36. Rxf4 Rg7+ 37. Kf3 Rh3+ 38. Ke2 Rg2+ 39. Kd3 Rxb2 40. Rf7+ Kg8 41. Rxb7 Rf3 42. Rg6+ Kf8 43.
Rxc6 Rf7 44. Rc8+ Kg7 45. Rxf7+ Kxf7 46. Rc7+ Ke6 47. Rxa7 Kd6 48. Ra6+ Kd7 49. Ra5 Kc6 50. Ra6+ Kd7 51. e4 dxe4+ 52. Kxe4 Rh2 53. Kd5 Rh5+ 54. Kc4 Kc7 55. a4 Kb7 56. Rf6 Rg5 57. Re6 Rg1 58. Re5 Kc6 59. Re6+ Kd7 60. Rb6 Kc7 61. a5 Ra1 62. b4 Rg1 63. d5 Rc1+ 64. Kb5 Rd1 65. d6+ Kd7 66. a6 Rd5+ 67. Kc4 Rd1 68. Kc5 Ra1 69.
Rb7+ Kc8 70. Kb6 Rd1 71. d7+ Kd8 72. b5 Rd6+ 73. Kc5 1-0

[Event "Late-Titled-Tuesday-Blitz-January-16-2024"]
[Site "Chess.com"]
[Date "2024.01.16"]
[Round "6"]
[White "iturrizaga"]
[Black "Maitreia"]
[Result "1-0"]
[WhiteElo "3009"]
[BlackElo "2724"]
[TimeControl "180+1"]
[EndTime "15:04:33 PST"]
[Termination "iturrizaga won on time"]

1. c4 c5 2. Nf3 Nc6 3. Nc3 g6 4.
e3 Nf6 5. d4 cxd4 6. exd4 Bg7 7.
d5 Nb4 8. a3 Na6 9. Bd2 Nc5 10.
Be3 d6 11. Be2 O-O 12. O-O a5 13. h3 Nfe4 14. Nxe4 Nxe4 15. Bd4 a4 16. Bxg7 Kxg7 17. Qd4+ Nf6 18. Rfe1 Re8 19. Bf1 Bd7 20. Re3 Rc8 21. Rae1 Rc5 22. Ng5 e5 23. dxe6 Rxg5 24. exd7 Rxe3 25.
Rxe3 Qxd7 26. f4 Rc5 27. g4 h6 28. Be2 Qc6 29. h4 Qb6 30. Kh2 Rb5 31. c5 Qxc5 32.
Qxc5 Rxc5 33. Bd1 Rd5 34. Bf3 Rd2+ 35. Kg3 Rxb2 36. g5 Nh5+ 37. Kg4 Rb3 38. Re7 hxg5 39. hxg5 Rxa3 40. Bd5 Kf8 41. Rxf7+ Ke8 42. Rxb7 Rg3+ 43. Kh4 Rg1 44. Bf7+ Kf8 45. Bxg6 Nxf4 46. Rf7+ Kg8 47.
Rxf4 Rh1+ 48. Kg4 Rh3 49. Kxh3 1-0

[Event "Late-Titled-Tuesday-Blitz-January-16-2024"]
[Site "Chess.com"]
[Date "2024.01.16"]
[Round "6"]
[White "Sebastian"]
[Black "Bigfish1995"]
[Result "1/2-1/2"]
[WhiteElo "2989"]
[BlackElo "3081"]
[TimeControl "180+1"]
[EndTime "15:04:34 PST"]
[Termination "Game drawn by repetition"]

1. e4 e5 2. Nf3 Nc6 3. Bb5 Nf6 4.
O-O Nxe4 5. d4 Nd6 6. Bxc6 dxc6 7. dxe5 Nf5 8. Qxd8+ Kxd8 9. h3 h6 10. Rd1+ Ke8 11.
Nc3 Ne7 12. a4 Bf5 13. Nd4 Bh7 14. Bf4 Nf5 15. Nce2 a6 16. Nxf5 Bxf5 17. Rd2 Rd8 18. Rad1 Rxd2 19. Rxd2 Bc5 20. g4 Be6 21. Kg2 Ke7 22.
Nd4 Bxd4 23. Rxd4 Rd8 24. Rxd8 Kxd8 25. a5 b6 26. Be3 c5 27. f4 Bd5+ 28. Kg3 Kd7 29.
f5 Be4 30. c3 Bd3 31. Kf4 f6 32. h4 Ke7 33. e6 h5 34. gxh5 Be2 35. h6 gxh6 36.
b4 cxb4 37. cxb4 bxa5 38. Bc5+ Ke8 39. bxa5 h5 40. Bd4 Ke7 41. Bc5+ Ke8 42. Ke4 Bd1 43. Bd4 Bc2+ 44. Kf4 Ke7 45. Bc5+ Ke8 46. Bd4 Ke7 47. Ba7 Ke8 48. Bb8 c5 49. Bd6 c4 50. Bb4 Bd3 51. Bc3 Ke7 52. Bb4+ Ke8 53. Bc3 Ke7 54. Bb4+ Ke8 1/2-1/2

[Event "Late-Titled-Tuesday-Blitz-January-16-2024"]
[Site "Chess.com"]
[Date "2024.01.16"]
[Round "6"]
[White "platy3"]
[Black "crazy_but_lazy"]
[Result "1-0"]
[WhiteElo "2882"]
[BlackElo "2587"]
[TimeControl "180+1"]
[EndTime "15:04:34 PST"]
[Termination "platy3 won by resignation"]

1. Nf3 d5 2. b3 Nf6 3. Bb2 Bg4 4. e3 Nbd7 5. h3 Bh5 6. c4 e6 7.
Nc3 c6 8. Be2 Be7 9. O-O O-O 10.
d3 a6 11. a3 b5 12. b4 Qb8 13. Qc2 Rc8 14. cxd5 cxd5 15. Qb3 Ne8 16. e4 dxe4 17. Nxe4 Nef6 18. Rac1 Qf4 19. Ng3 Bg6 20. Rfd1 Nd5 21. Bf1 Bf6 22. Ne2 Qd6 23. d4 N7b6 24. Ne5 Qe7 25.
Ng3 Bxe5 26. dxe5 Rxc1 27. Rxc1 Rc8 28. Rxc8+ Nxc8 29. Bd4 Qc7 30. Qb2 Qc2 31. Qxc2 Bxc2 32. f3 Ncb6 33. Ne4 Nc4 34. Nc5 Nxa3 35. Nxa6 Ba4 36.
Bd3 Nc2 37. Bc5 h5 38. h4 g6 39. Kf2 Kg7 40. g3 Nc3 41. Nc7 Nd5 42. Nxd5 exd5 43. g4 hxg4 44. fxg4 Na3 45. Ke3 Bd1 46. Kf4 Nc4 47.
Bd4 Bb3 48. e6+ Kf8 49. exf7 Kxf7 50. h5 Bd1 51. Bxg6+ Kg8 52. h6 Bc2 1-0

[Event "Late-Titled-Tuesday-Blitz-January-16-2024"]
[Site "Chess.com"]
[Date "2024.01.16"]
[Round "6"]
[White "chenxiaoyuer"]
[Black "ozates"]
[Result "0-1"]
[WhiteElo "2747"]
[BlackElo "2594"]
[TimeControl "180+1"]
[EndTime "15:04:34 PST"]
[Termination "ozates won by checkmate"]

1. e4 c5 2. Nf3 Nc6 3. d4 cxd4 4.
Nxd4 e5 5. Nb5 d6 6. c4 g6 7. N1c3 a6 8. Na3 Bg7 9. Be3 Nf6 10. Be2 O-O 11. O-O Be6 12. Qd2 Rc8 13.
Rad1 Nd4 14. b3 Qa5 15. Nab1 b5 16. cxb5 Rxc3 17. Nxc3 Qxc3 18. Bxd4 exd4 19. Qxd4 Nd5 20.
Qd2 Qxd2 21. Rxd2 Nc3 22. bxa6 Nxe2+ 23. Rxe2 Ra8 24. Rd1 Rxa6 25. Rc2 g5 26. f3 h5 27. g3 h4 28. Kf2 f5 29. exf5 Bxf5 30. Rcd2 Be5 31. Kg2 Kf7 32. f4 gxf4 33. gxf4 Bc3 34. Rxd6 Rxa2+ 35. Kf3 Rxh2 36. Rc1 Rh3+ 37. Kf2 Be4 38.
b4 Ke7 39. Rcd1 Bxb4 40. Rd7+ Ke6 41. Ke2 Bc5 42. f5+ Ke5 43. f6 Rh2+ 44. Ke1 Rh1+ 45. Ke2 Rh2+ 46. Ke1 Kxf6 47. Rd8 Ke5 48. Re8+ Kf4 49.
Rd7 Ke3 50. Rf7 Bb4+ 51. Kd1 Rh1+ 52. Rf1 Rxf1# 0-1